 Dungeon Crawl Stone Soup version 0.29-a0-1052-g6990b1bffc (webtiles) character file.

Game seed: 14481873240641887680

5 spaghetti the Caller (level 1, 0/13 HPs)
             Began as a Mummy Summoner on Aug 18, 2022.
             Slain by a hobgoblin (3 damage)
             ... on level 1 of the Dungeon.
             The game lasted 00:01:19 (698 turns).

spaghetti the Caller (Mummy Summoner)                Turns: 698, Time: 00:01:19

Health: 0/13       AC:  2    Str: 11    XL:     1   Next: 66%
Magic:  2/4        EV: 12    Int: 14    God:
Gold:   23         SH:  0    Dex: 12    Spells: 5/6 levels left

rFire   x . .      SeeInvis .   d - +0 whip {mace}
rCold   + . .      Faith    .   (no shield)
rNeg    + + +      Spirit   .   a - +0 robe
rPois   ∞          Reflect  .   (no helmet)
rElec   .          Harm     .   (no cloak)
rCorr   .          Rampage  .   (no gloves)
Will    .....                   (no boots)
Stlth   ++........              (no amulet)
HPRegen 0.04/turn               (no ring)
MPRegen 0.09/turn               (no ring)

@: no status effects
A: cold resistance 1, negative energy resistance 3, torment resistance 2, heat
vulnerability 1, no potions
a: no special abilities


You were on level 1 of the Dungeon.
You visited 1 branch of the dungeon, and saw 1 of its levels.

You collected 23 gold pieces.


Innate Abilities, Weirdness & Mutations

You are immune to poison.
Your flesh is cold resistant. (rC+)
You are immune to negative energy. (rN+++)
You are immune to unholy pain and torment.
You are vulnerable to heat. (rF-)
You do not drink.


   Skills:
 - Level 1.5 Dodging
 - Level 1.5 Stealth
 + Level 3.0 Spellcasting
 + Level 3.4 Summonings


You had 5 spell levels left.
You knew the following spells:

 Your Spells              Type           Power      Damage    Failure   Level
a - Summon Small Mammal   Summ           44%        N/A       5%          1

Your spell library contained the following spells:

 Spells                   Type           Power      Damage    Failure   Level
 Call Imp                 Summ           11%        N/A       8%          2
 Call Canine Familiar     Summ           11%        N/A       16%         3
 Summon Guardian Golem    Hex/Summ       6%         N/A       32%         3
 Summon Lightning Spire   Summ/Air       6%         N/A       71%         4

Inventory:

Hand Weapons
 d - a +0 whip (weapon) {mace}
   (You took it off a kobold on level 1 of the Dungeon)
Missiles
 e - 5 stones {throwing}
Armour
 a - a +0 robe (worn)
Scrolls
 b - a scroll of vulnerability {unknown}
 c - a scroll of identify {unknown}

Dungeon Overview and Level Annotations

Branches:
Dungeon (1/15) Zot: 5300

Altars:

#.# ........##
#.###########....†#
#.........###.....#
###...............#
#.#####.#.#######
#.# .. #.# ### #.#
###.. #@# ##...#
#..rg...# #..###
#.#.##### ##'##
#.#.# ##...### #
#b# #....... #.#
#..⌠.... #.#
#....... #..
##...### ##### #


You could see a hobgoblin (ally target), a friendly bat (summoned) and a
friendly rat (summoned).


Message History

a +0 robe; a +0 dagger {short} Key pressed, stopping explore.
Key pressed, stopping explore.
A rat comes into view. 😎 MP[+2]
Your mp is fully restored (4).
A rat is nearby!
Okay, then.
A rat is nearby!
A rat is nearby!
The rat twitches its whiskers.
The rat barely misses you.
You closely miss the rat. The rat bites you. 😕 HP[-2]
You take 2 damage, and now have 11/13 hp.
You are too injured to fight recklessly!
You are too injured to fight recklessly!
You are too injured to fight recklessly!
You are too injured to fight recklessly!
You are too injured to fight recklessly!
You are too injured to fight recklessly!
You are too injured to fight recklessly!
You are too injured to fight recklessly!
You are too injured to fight recklessly!
You are too injured to fight recklessly!
You are too injured to fight recklessly!
You are too injured to fight recklessly!
You are too injured to fight recklessly!
You are too injured to fight recklessly!
You are too injured to fight recklessly!
Casting: Summon Small Mammal (safe; 5% risk of failure)
Confirm with . or Enter, or press ? or * to list all spells.
The rat bites you but does no damage. 😕 MP[-1]
You lost 1 mp, and now have 3/4 mp.
Casting: Summon Small Mammal (safe; 5% risk of failure)
Confirm with . or Enter, or press ? or * to list all spells.
Your bat hits the rat but does no damage.
The rat misses you. 😕 MP[-1]
You lost 1 mp, and now have 2/4 mp.
You barely miss the rat.
Your bat barely misses the rat.
The rat closely misses you.
Your rat completely misses the rat.
You hit the rat.
You kill the rat!
You swap places.
You see here a rat corpse.
Your bat disappears in a puff of smoke!
e - 5 stones {throwing} Your rat disappears in a puff of smoke!
Key pressed, stopping explore.
Key pressed, stopping explore.
A hobgoblin comes into view. 😎 HP[+2] MP[+2]
Your hp is fully restored (13).
Your mp is fully restored (4).
A hobgoblin is nearby!
A hobgoblin is nearby!
The hobgoblin shouts!
You closely miss the hobgoblin. The hobgoblin hits you.
The hobgoblin barely misses you. 😕 HP[-3]
You take 3 damage, and now have 10/13 hp.
MASSIVE DAMAGE!! (PAUSE)
Casting: Summon Small Mammal (safe; 5% risk of failure)
Confirm with . or Enter, or press ? or * to list all spells.
The hobgoblin barely misses you. 😕 MP[-1]
You lost 1 mp, and now have 3/4 mp.
Casting: Summon Small Mammal (safe; 5% risk of failure)
Confirm with . or Enter, or press ? or * to list all spells.
Your bat barely misses the hobgoblin.
Your bat misses the hobgoblin. The hobgoblin hits you.
A hobgoblin comes into view. 😮 HP[-2] MP[-1]
You take 2 damage, and now have 8/13 hp.
You lost 1 mp, and now have 2/4 mp.
You hit the hobgoblin.
Your bat hits the hobgoblin but does no damage.
The hobgoblin closely misses you.
You hit the hobgoblin.
Your bat hits the hobgoblin but does no damage.
Your bat barely misses the hobgoblin.
Your rat completely misses the hobgoblin.
The hobgoblin hits you.
* * * LOW HITPOINT WARNING * * *
😱 HP[-5]
You take 5 damage, and now have 3/13 hp.
MASSIVE DAMAGE!! (PAUSE)
You barely miss the hobgoblin.
Your bat hits the hobgoblin but does no damage. x2
Your rat bites the hobgoblin but does no damage.
The hobgoblin misses you.
You closely miss the hobgoblin.
Your bat hits the hobgoblin but does no damage. x2
Your rat bites the hobgoblin but does no damage.
The hobgoblin closely misses you.
Your bat closely misses the hobgoblin.
You barely miss the hobgoblin. Your bat hits the hobgoblin.
The hobgoblin dies!
The hobgoblin hits you.
You die...

Skill      XL: |  1 |
---------------+----+-----
Spellcasting   | 3 |  3.0
Dodging        | |  1.5
Stealth        | |  1.5
Summonings     | |  3.4

Action                   || total
-------------------------++-------
Melee: Unarmed           ||    20
       Whip              ||    10
 Cast: Summon Small Mamm ||    10
Armor: Robe              ||    11
Dodge: Dodged            ||    30

Levels and vault maps discovered:
D:1:      minmay_arrival_split_and_join, layout_loops_ring,
          basic_ecumenical_altar

Notes
Turn   | Place    | Note
-------+----------+-------------------------------------------
     0 | D:1      | spaghetti the Mummy Summoner began the quest for the Orb.
     0 | D:1      | Reached XP level 1. HP: 13/13 MP: 4/4
     0 | D:1      | magus.rc [v1.9.6]
    46 | D:1      | HP: 3/13 [quokka (3)]
   560 | D:1      | Reached skill level 3 in Spellcasting
   695 | D:1      | HP: 3/13 [hobgoblin (5)]
   698 | D:1      | Slain by a hobgoblin

Vanquished Creatures
  A bat (D:1)
  A rat (D:1)
2 creatures vanquished.

Vanquished Creatures (collateral kills)
  A hobgoblin (D:1)
  A kobold (D:1)
  A quokka (D:1)
  A rat (D:1)
4 creatures vanquished.

Grand Total: 6 creatures vanquished

Table legend:
 A = Non-vault XP
 B = Vault XP
 C = Vault XP percentage of total XP
 D = Non-vault monster count
 E = Vault monster count
 F = Vault count percentage of total count
                 A         B        C        D         E       F
            +---------+---------+-------+---------+---------+-------
      Total |      10 |       0 |   0.0 |       6 |       0 |   0.0
            +---------+---------+-------+---------+---------+-------
        D:1 |      10 |       0 |   0.0 |       6 |       0 |   0.0
            +---------+---------+-------+---------+---------+-------

Illustrated notes

Table legend:
 A = Kills in this place as a percentage of kills in entire the game.
 B = Kills by you in this place as a percentage of kills by you in the entire game.
 C = Kills by friends in this place as a percentage of kills by friends in the entire game.
 D = Other kills in this place as a percentage of other kills in the entire game.
 E = Experience gained in this place as a percentage of experience gained in the entire game.
 F = Experience gained in this place divided by the number of levels of this place that you have seen.
                   A       B       C       D       E      F
               +-------+-------+-------+-------+-------+----------------------
         Total | 100.0 | 100.0 | 100.0 |   N/A | 100.0 |  10.0
       Dungeon | 100.0 | 100.0 | 100.0 |   N/A | 100.0 |  10.0
               +-------+-------+-------+-------+-------+----------------------

Table legend: (Time is in decaauts)
 A = Elapsed time spent in this place.
 B = Non-inter-level travel time spent in this place.
 C = Inter-level travel time spent in this place.
 D = Time resting spent in this place.
 E = Time spent auto-exploring this place.
 F = Levels seen in this place.
 G = Mean time per level.
                   A        B        C        D        E       F      G
               +--------+--------+--------+--------+--------+-----+--------+
         Total |    698 |    698 |      0 |      0 |    622 |   1 |  698.0 |
       Dungeon |    698 |    698 |      0 |      0 |    622 |   1 |  698.0 |
               +--------+--------+--------+--------+--------+-----+--------+

Top non-repeatable levels by time:
     D:1: 698 daAuts
